AoeStats
← GABRIEL MOTTA

Black Forest

507836478Analyzed
3v3 RM · 12d ago on Sep 19, 2026· 51m 3s· 6 players
Game mode
Random Map
Map size
Normal (6 player)
Population
200
Speed
Normal
Resources
Standard
Victory
Conquest
Starting age
Dark Age
Ending age
Imperial Age
RankedLock teamsTeams togetherTeam positionsShared explorationLock speedFull tech treeHidden civsTurbo modeCheats
Victory
Defeat
🇨🇱 Portuguese · Chile
578
+14
🇺🇸 Celts · United States
556
+15
🇧🇷 Persians · Brazil
426
+21
🇺🇸 Ethiopians · United States
568
-18
🇺🇸 Spanish · United States
536
-17
🇺🇸 Bulgarians · United States
503
-15
Kenshin Brown
10:57 Feudal Age
15:33 Castle Age
14:18 Double-Bit Axe
26:23 Bow Saw
32:32 Forging
32:23 Scale Mail Armor
32:24 Padded Archer Armor
32:15 Fletching
31:50 Crossbowman
32:36 Thumb Ring
35:07 Imperial Age
33:16 Wheelbarrow
34:12 Fervor
34:12 Royal Heirs
35:19 Iron Casting
34:39 Bodkin Arrow
35:01 Leather Archer Armor
35:04 Chain Mail Armor
35:13 Hand Cart
35:06 Caravan
35:31 Arbalester
37:17 Conscription
36:27 Elite Shotel Warrior
41:35 Blast Furnace
40:09 Capped Ram
41:14 Bracer
42:05 Plate Mail Armor
44:10 Chemistry
43:32 Ballistics
43:19 Siege Engineers
Smada0702
10:34 Loom
12:20 Feudal Age
10:41 Loom
12:27 Feudal Age
13:43 Man-at-Arms
14:09 Arson
18:19 Double-Bit Axe
18:18 Horse Collar
21:19 Wheelbarrow
24:24 Castle Age
24:05 Forging
23:55 Scale Mail Armor
24:01 Scale Barding Armor
25:39 Heavy Plow
27:59 Bow Saw
34:28 Imperial Age
35:32 Gold Mining
35:33 Stone Mining
35:41 Stone Mining
35:52 Pikeman
36:54 Elite Conquistador
38:49 Squires
40:56 Inquisition
42:14 Hand Cart
41:32 Halberdier
42:01 Gambesons
48:28 Supremacy
48:36 Supremacy
EL Loodo
12:25 Loom
15:31 Feudal Age
16:47 Arson
17:50 Double-Bit Axe
19:01 Gold Mining
22:29 Wheelbarrow
26:28 Castle Age
28:04 Gambesons
32:26 Forging
32:17 Scale Mail Armor
39:52 Imperial Age
39:40 Iron Casting
39:21 Chain Mail Armor
39:58 Hand Cart
40:12 Bow Saw
42:35 Blast Furnace
42:06 Plate Mail Armor
41:42 Scale Barding Armor
43:01 Stirrups
46:04 Caravan
46:54 Bagains
GABRIEL MOTTA
9:02 Loom
19:25 Feudal Age
21:04 Wheelbarrow
20:13 Horse Collar
20:31 Double-Bit Axe
21:05 Town Watch
28:02 Gold Mining
28:03 Stone Mining
30:20 Castle Age
30:29 Forging
30:10 Fletching
30:21 Padded Archer Armor
30:55 Bodkin Arrow
31:16 Bow Saw
30:45 Crossbowman
34:15 Hand Cart
33:58 Elite Skirmisher
39:37 Town Patrol
42:18 Leather Archer Armor
42:14 Forging
44:04 Caravan
46:49 Thumb Ring
48:10 Iron Casting
48:57 Gold Shaft Mining
48:58 Stone Shaft Mining
48:57 Scale Mail Armor
49:04 Scale Barding Armor
49:24 Ballistics
48:55 Heated Shot
50:12 Murder Holes
50:08 Guard Tower
50:24 Siphons
51:03 Masonry
50:56 Heavy Plow
yoshiquecomiste
15:09 Feudal Age
16:27 Wheelbarrow
15:36 Horse Collar
15:50 Double-Bit Axe
23:46 Castle Age
26:14 Heavy Plow
28:09 Caravan
31:28 Hand Cart
33:26 Crossbowman
36:48 Treadmill Crane
39:50 Imperial Age
37:58 Loom
38:28 Fortified Wall
41:37 Chemistry
41:17 Conscription
43:12 Elite Organ Gun
45:14 Fletching
49:23 Arquebus
hubssha2
3:09 Loom
12:43 Feudal Age
14:06 Double-Bit Axe
15:20 Horse Collar
19:42 Castle Age
22:15 Pikeman
23:52 Bow Saw
25:05 Wheelbarrow
24:30 Elite Skirmisher
25:53 Hand Cart
28:54 Caravan
31:12 Scale Barding Armor
31:07 Scale Mail Armor
31:18 Forging
30:40 Light Cavalry
35:30 Imperial Age
36:15 Onager
39:22 Siege Onager
41:30 Halberdier
Connection lost

Rejoining the realm…

Still unreachable

The connection could not be restored.

Session expired

The server has moved on; the page needs a fresh start.